 Dungeon Crawl Stone Soup version 0.18-a0-1-gfac8111 (webtiles) character file.

581 tp1 the Magician (level 7, -2/36 HPs)
             Began as a Deep Elf Wizard on Oct 30, 2015.
             Was an Initiate of Vehumet.
             Killed from afar by radek's ghost (9 damage)
             ... with a magic dart
             ... on level 5 of the Dungeon.
             The game lasted 00:37:56 (8214 turns).

tp1 the Magician (Deep Elf Wizard)                  Turns: 8214, Time: 00:37:56

Health: -2/36      AC:  3    Str:  4    XL:     7   Next: 14%
Magic:  3/19       EV: 10    Int: 28    God:    Vehumet [......]
Gold:   244        SH:  0    Dex: 13    Spells: 5 memorised, 9 levels left

rFire  . . .     SeeInvis .     J - +0 quarterstaff
rCold  . . .     Clarity  .     H - +0 robe
rNeg   . . .     SustAt   .     (no shield)
rPois  .         Gourm    +     b - +0 hat
rElec  .         Spirit   .     F - +0 cloak (curse)
rCorr  .         Warding  .     (no gloves)
rMut   .         Stasis   .     (no boots)
MR     .....                    s - amulet of the gourmand
Stlth  ++........               B - -2 ring of evasion (curse)
                                e - +3 ring of intelligence

@: very slightly contaminated, not resistant to hostile enchantments, unstealthy
A: no striking features
a: Renounce Religion


You were on level 5 of the Dungeon.
You worshipped Vehumet.
Vehumet was noncommittal.
You were full.

You visited 2 branches of the dungeon, and saw 6 of its levels.

You collected 244 gold pieces.

Inventory:

Hand Weapons
 y - a +1 dagger of protection
 C - a +2 dagger of venom
 J - a +0 quarterstaff (weapon)
Armour
 b - a +0 hat (worn)
 m - a +1 ring mail of poison resistance
 F - a cursed +0 cloak (worn)
 H - a +0 robe (worn)
Jewellery
 e - a +3 ring of intelligence (left hand)
 s - an amulet of the gourmand (around neck)
 x - an uncursed ring of protection from fire
 B - a cursed -2 ring of evasion (right hand)
 I - a +2 ring of intelligence
Scrolls
 g - 4 scrolls of remove curse {unknown}
 i - 2 scrolls of random uselessness {unknown}
 j - a scroll of enchant armour {unknown}
 k - a scroll of blinking {unknown}
 l - 3 scrolls of amnesia {unknown}
 o - 3 scrolls of identify {unknown}
 t - 2 scrolls of recharging {unknown}
 w - 2 scrolls of magic mapping {unknown}
Potions
 a - a potion of berserk rage {unknown}
 h - a potion of cure mutation {unknown}
 n - a potion of heal wounds {unknown}
 p - a potion of agility {unknown}
 r - 3 potions of resistance {unknown}
 u - a potion of brilliance {unknown}
 v - a potion of cancellation {unknown}
 A - a potion of mutation {unknown}
 D - a potion of flight {unknown}
 G - a potion of haste {unknown}
Books
 c - a book of Minor Magic

   Spells                             Type                      Level
   a - Magic Dart                     Conjuration                  1
   b - Blink                          Translocation                2
   c - Call Imp                       Summoning                    2
   d - Repel Missiles                 Charms/Air                   2
   e - Slow                           Hexes                        2
   f - Conjure Flame                  Conjuration/Fire             3
   g - Mephitic Cloud                 Conjuration/Poison/Air       3
Comestibles
 d - 4 bread rations
 f - 2 meat rations
 q - a slice of pizza
 z - a royal jelly
 E - a beef jerky
 K - 2 chunks of flesh


   Skills:
 - Level 2.4 Dodging
 - Level 2.4 Stealth
 + Level 7.3 Spellcasting
 - Level 1.1 Conjurations
 - Level 1.1 Summonings
 - Level 1.1 Translocations
 - Level 6.2 Fire Magic
 - Level 2.0 Poison Magic


You had 9 spell levels left.
You knew the following spells:

 Your Spells              Type           Power        Failure   Level  Hunger
a - Magic Dart            Conj           ###.         4%          1    None
b - Conjure Flame         Conj/Fire      ####....     3%          3    None
c - Mephitic Cloud        Conj/Pois/Air  ###.....     12%         3    None
d - Blink                 Tloc           N/A          8%          2    None
e - Call Imp              Summ           ###.....     8%          2    None


Dungeon Overview and Level Annotations

Branches:
Dungeon (5/15)             Temple (1/1) D:4

Altars:
Dithmenos
Elyvilon
Fedhas
Gozag
Kikubaaqudgha
Makhleb
Nemelex Xobeh
Qazlal
Ru
Sif Muna
Trog
Vehumet
Yredelemnul
Zin
Beogh

Shops:
D:4 ((((

Annotations:
D:5 radek's ghost, amateur DECj


Message History

The magic dart hits you!
Radek's ghost gestures at you while chanting.
The magic dart hits you! Radek's ghost casts a spell at you.
The magic dart hits you!
* * * LOW HITPOINT WARNING * * *
Casting: Blink
Confirm with . or Enter, or press ? or * to list all spells.
You miscast Blink.
You are very lightly contaminated with residual magic.
Nothing appears to happen.
Casting: Blink
Confirm with . or Enter, or press ? or * to list all spells.
You blink.
Casting: Blink
Confirm with . or Enter, or press ? or * to list all spells.
You blink.
Radek's ghost points at you and mumbles some strange words.
The magic dart hits you!
You die...

#......
#...................#
#...................
##..................#
#######...................#
##.......................(.#
#..#.............W........#
.#####....................#
## ##......§..@.........# #
#..##...........^...#
#..##............#..#
#.####..........###..# #..
##...§...### #..# # #..
###...### #.# # ... #####
..# # .... .# # #


You could see radek's ghost.

Vanquished Creatures
  An ogre (D:4)
  A phantom (D:4)
  A scorpion (D:4)
  2 orc priests
  Ijyb (D:3)
  2 worker ants
  An iguana (D:4)
  2 hound skeletons (D:4)
  A worker ant zombie (D:5)
  3 gnolls (D:4)
  5 adders
  An ooze (D:3)
  2 worms
  6 giant geckos
  12 orcs
  2 giant cockroaches
  5 hobgoblins
  13 jackals
  9 kobolds
  2 quokkas
  2 ball pythons
  9 bats
  9 giant newts
  15 goblins
  A jackal skeleton (D:4)
  12 rats
  A plant (D:2)
121 creatures vanquished.

Vanquished Creatures (others)
  3 plants (D:3)
3 creatures vanquished.

Grand Total: 124 creatures vanquished

Notes
Turn   | Place    | Note
--------------------------------------------------------------
     0 | D:1      | tp1 the Deep Elf Wizard began the quest for the Orb.
     0 | D:1      | Reached XP level 1. HP: 10/10 MP: 7/7
   112 | D:1      | Reached skill level 5 in Spellcasting
   116 | D:1      | Reached XP level 2. HP: 15/15 MP: 0/10
  1911 | D:2      | Reached XP level 3. HP: 10/19 MP: 1/12
  2135 | D:2      | Reached skill level 6 in Spellcasting
  2897 | D:2      | Learned a level 3 spell: Conjure Flame
  2901 | D:2      | Learned a level 3 spell: Mephitic Cloud
  3684 | D:3      | Reached XP level 4. HP: 24/24 MP: 12/14
  3688 | D:3      | Learned a level 2 spell: Blink
  4622 | D:3      | Reached skill level 7 in Spellcasting
  4766 | D:3      | Reached skill level 1 in Fire Magic
  5157 | D:3      | Noticed Ijyb
  5166 | D:3      | Killed Ijyb
  5166 | D:3      | Reached XP level 5. HP: 26/28 MP: 0/16
  5804 | D:3      | Found a roughly hewn altar of Beogh.
  6059 | D:4      | Found Eddugaq's Weapon Shoppe.
  6077 | D:4      | Found Likeibem's Antique Weapon Shoppe.
  6117 | D:4      | Found a stormy altar of Qazlal.
  6185 | D:4      | Found Hatim's Weapon Shoppe.
  6329 | D:4      | Found a staircase to the Ecumenical Temple.
  6333 | D:4      | Noticed a phantom
  6351 | Temple   | Entered the Ecumenical Temple
  6388 | Temple   | Became a worshipper of Vehumet
  6410 | D:4      | Reached XP level 6. HP: 6/32 MP: 4/18
  6970 | Temple   | Learned a level 2 spell: Call Imp
  6992 | D:4      | Killed a phantom
  6992 | D:4      | Reached skill level 5 in Fire Magic
  7154 | D:4      | Found Rexem's Antique Weapon Boutique.
  7179 | D:4      | Noticed an ogre
  7207 | D:4      | Killed an ogre
  7536 | D:4      | Found a glowing silver altar of Zin.
  7712 | D:4      | Reached XP level 7. HP: 14/36 MP: 2/19
  8012 | D:5      | Entered Level 5 of the Dungeon
  8201 | D:5      | Noticed radek's ghost (amateur DECj)
  8214 | D:5      | Killed from afar by radek's ghost

Vault maps used:
D:1:      onia_arrival_pyramid
D:2:      serial_forest, infiniplex_forest_pool, infiniplex_forest_clump_long,
          infiniplex_forest_end_1, infiniplex_forest_lined_2,
          infiniplex_forest_lined_2, infiniplex_forest_clump_small,
          infiniplex_forest_zigzag_2, minmay_misc_feat_columns
D:3:      kennysheep_goblin_castle, first_bread, serial_bayou,
          serial_bayou_lagoon_a, serial_bayou_pond_d, serial_bayou_pond_c,
          serial_bayou_crossing, roderic_serpentine_path, kennysheep_orc_chapel
D:4:      zin_scriptorium, lemuel_crystal_altar, minmay_temple_entry_junction2,
          serial_shops, shop, shop, shop, shop
D:5:      cheibriados_altar_1
Temple:   circular_temple_12

Action                   |  1- 3 |  4- 6 |  7- 9 || total
-------------------------+-------+-------+-------++-------
Melee: Unarmed           |    21 |   287 |       ||   308
       Dagger            |       |     9 |       ||     9
 Cast: Magic Dart        |   114 |   208 |    23 ||   345
       Conjure Flame     |     1 |    15 |     1 ||    17
       Mephitic Cloud    |       |     7 |       ||     7
       Blink             |       |     5 |     4 ||     9
       Call Imp          |       |     1 |       ||     1
  Eat: Chunk             |    12 |    18 |       ||    30
